 Dungeon Crawl Stone Soup version 0.30.0-13-g156ef70053 (webtiles) character file.

Game seed: 3621867801244513311

729 FluffyMoth the Trooper (level 7, -11/67 HPs)
             Began as a Naga Fighter on May 17, 2023.
             Was a Follower of Fedhas.
             Mangled by Prince Ribbit (12 damage)
             ... on level 5 of the Dungeon.
             The game lasted 00:17:27 (4082 turns).

FluffyMoth the Trooper (Naga Fighter)               Turns: 4082, Time: 00:17:27

Health: -11/67     AC:  6    Str: 20    XL:     7   Next: 73%
Magic:  7/7        EV:  7    Int:  9    God:    Fedhas [*.....]
Gold:   190        SH:  4    Dex: 10    Spells: 6/6 levels left

rFire   . . .        o - +2 war axe (distort)
rCold   + . .        c - +0 buckler
rNeg    . . .        b - +0 scale mail
rPois   +            (no helmet)
rElec   .            (no cloak)
rCorr   .            (no gloves)
SInv    +            (no barding)
Will    .....        p - amulet of regeneration Stlth
                     k - ring of ice
HPRegen 1.11/turn    j - ring of protection from fire
MPRegen 0.10/turn

%: no passive effects
@: mighty, short of breath, very slow
A: AC +2, large, see invisible, deformed body, poison resistance, slowness 2,
spit poison 1, naga tail 1
a: Spit Poison, Renounce Religion


You were on level 5 of the Dungeon.
You worshipped Fedhas.
Fedhas was aware of your devotion.
You visited 2 branches of the dungeon, and saw 6 of its levels.

You collected 190 gold pieces.

Inventory:

Hand Weapons
 o - a +2 war axe of distortion (weapon)
Armour
 b - a +0 scale mail (worn)
 c - a +0 buckler (worn)
Jewellery
 j - a ring of protection from fire (right hand)
 k - a ring of ice (left hand)
 p - an amulet of regeneration (around neck)
Scrolls
 q - 2 scrolls of magic mapping
Potions
 e - a potion of attraction
 g - a potion of ambrosia
 h - 2 potions of brilliance {unknown}
 i - 2 potions of flight {unknown}
 l - 2 potions of haste {unknown}
 m - a potion of lignification {unknown}


   Skills:
 + Level 5.0 Fighting
 + Level 4.5 Axes
 + Level 4.1 Armour
 + Level 4.6 Shields


You had 6 spell levels left.
You didn't know any spells.
Your spell library contained the following spells:

 Spells                   Type           Power      Damage    Failure   Level
 Inner Flame              Hex/Fire       0%         N/A       99%         3
 Passage of Golubria      Tloc           0%         N/A       100%        4
 Silence                  Hex/Air        0%         N/A       100%        5
 Yara's Violent Unravell  Hex/Tmut       0%         3d3       100%        5
 Enfeeble                 Hex            0%         N/A       100%        7
 Borgnjor's Revivificati  Necr           0%         N/A       100%        8
 Lehudib's Crystal Spear  Conj/Erth      0%         10d2      100%        8
 Necromutation            Tmut/Necr      0%         N/A       100%        8
 Death's Door             Necr           0%         N/A       100%        9


Dungeon Overview and Level Annotations

Branches:
Dungeon (5/15) Zot: 25021  Temple (1/1) D:4 Zot: 5944

Altars:
Dithmenos
Fedhas
Uskayaw

Annotations:
D:5 Prince Ribbit
Abyss:1 GreenGuy14's ghost, amateur DsBe


Innate Abilities, Weirdness & Mutations

Your serpentine skin is tough. (AC +2)
You have supernaturally acute eyesight. (SInv)
Armour fits poorly on your strangely shaped body.
Your system is resistant to poisons. (rPois)
You cover ground very slowly.
You can spit poison.
You have a snake-like lower body.


Message History

Press: ? - help, Q - select action Shift-Dir - straight line, f/p - Prince Ribbit
Aim: Prince Ribbit (moderately wounded, 34% to hit)
The splash of poison hits Prince Ribbit.
Prince Ribbit is moderately wounded.
You block Prince Ribbit's attack.
Okay, then.
You feel very mighty all of a sudden. Prince Ribbit hits you.
You slash Prince Ribbit!
Space warps around Prince Ribbit.
Prince Ribbit is severely wounded.
Prince Ribbit hits you but does no damage.
You block Prince Ribbit's attack.
You completely miss Prince Ribbit.
Prince Ribbit is severely wounded.
Prince Ribbit hits you. Prince Ribbit hits you!
* * * LOW HITPOINT WARNING * * *
You miss Prince Ribbit.
Prince Ribbit is severely wounded.
You have got your breath back.
Prince Ribbit blinks!
Aiming: Spit Poison (1% risk of failure)
Press: ? - help, Q - select action Shift-Dir - straight line, f/p - Prince Ribbit
Aim: Prince Ribbit (severely wounded, 34% to hit)
The splash of poison misses Prince Ribbit.
Unknown command.
You are too injured to fight recklessly!
Prince Ribbit is nearby!
You are too injured to fight recklessly!
Prince Ribbit is nearby!
Prince Ribbit barely misses you.
Cleave: o) +2 war axe (distort)
Press: ? - help, Dir - move target, f/p - Prince Ribbit
Aim: Prince Ribbit (severely wounded, about 61% to evade your +2 war axe of distortion)
You barely miss Prince Ribbit.
Prince Ribbit is severely wounded.
Prince Ribbit hits you!
* * * LOW HITPOINT WARNING * * *
Prince Ribbit hits you!
You die...
Fedhas appreciates your contribution to the ecosystem.

#.........# #.. #....###..#
##.. #..### #..## #..# #..#
##..# ##..# ##.## #..##
###..## #..## ##..#####....#
##...### #...........#
##..../.#####...........##
#.........@...............#
#...######..F.........###..#
....# ####........## ##..
...# ##........# #.. #..
##........####.# .#
##...........##.#
#...............#
..................
~≈##...........#..


You could see Prince Ribbit.

Vanquished Creatures
  A phantom (D:5)
  2 hounds (D:4)
  A jelly (D:4)
  2 orc priests (D:4)
  3 iguanas
  An orc wizard (D:4)
  Robin (D:3)
  7 gnolls
  3 adders
  9 dart slugs
  11 orcs
  4 bats
  10 endoplasms
  2 giant cockroaches
  13 goblins
  6 hobgoblins
  6 jackals (D:1)
  9 kobolds
  5 quokkas
  7 ball pythons
  4 frilled lizards
  6 rats
113 creatures vanquished.

Notes
Turn   | Place    | Note
-------+----------+-------------------------------------------
     0 | D:1      | FluffyMoth the Naga Fighter began the quest for the Orb.
     0 | D:1      | Reached XP level 1. HP: 21/21 MP: 1/1
    97 | D:1      | Reached XP level 2. HP: 26/28 MP: 2/2
   399 | D:1      | Reached XP level 3. HP: 34/34 MP: 3/3
  1348 | D:2      | Found a faded altar of an unknown god.
  1375 | D:2      | Reached XP level 4. HP: 42/42 MP: 4/4
  1491 | D:3      | Found a hide-covered altar of Uskayaw.
  1494 | D:3      | Noticed a +0 dagger
  1495 | D:3      | Noticed a +0 dagger
  1780 | D:3      | Noticed Robin
  1818 | D:3      | Killed Robin
  1819 | D:3      | Reached XP level 5. HP: 19/50 MP: 5/5
  2334 | D:4      | Found a staircase to the Ecumenical Temple.
  2578 | Temple   | Entered the Ecumenical Temple
  2599 | Temple   | Became a worshipper of Fedhas Madash
  2634 | D:4      | Found a runed translucent door.
  2644 | D:4      | Noticed GreenGuy14's ghost (amateur DsBe)
  2661 | D:4      | Reached skill level 4 in Fighting
  2682 | D:4      | Reached XP level 6. HP: 27/57 MP: 6/6
  2897 | D:4      | Banished GreenGuy14's ghost
  3103 | D:4      | Reached XP level 7. HP: 44/66 MP: 7/7
  3468 | D:4      | Reached * piety under Fedhas
  3725 | D:5      | Entered Level 5 of the Dungeon
  3747 | D:5      | Noticed Prince Ribbit
  3970 | D:5      | Reached skill level 5 in Fighting
  4082 | D:5      | HP: 1/67 [Prince Ribbit (15)]
  4082 | D:5      | Mangled by Prince Ribbit

Illustrated notes

Levels and vault maps discovered:
D:1:      minmay_arrival_wavy_path, layout_basic, kennysheep_decorative_pillar
D:2:      layout_rooms, hellmonk_ecumenical_altar_zigzags
D:3:      layout_rooms, dancing_weapons_uskayaw, chequers_serial_rivers_micro_a,
          corexii_leaking_fountain, uniq_robin
D:4:      layout_rooms, minmay_temple_entry_purple_smoke,
          hellmonk_ghost_happy_afterlife, minmay_pentangle
D:5:      kennysheep_slugbush, layout_layer_cave, minmay_door_square,
          uniq_prince_ribbit1
Temple:   nicolae_temple_slightly_damp_pantheon

Skill      XL: |  1  2  3  4  5  6  7 |
---------------+----------------------+-----
Shields        | 3 4 |  4.6
Armour         | 3 4 |  4.1
Axes           | 3 4 |  4.5
Fighting       | 4 5 |  5.0

Action                     |  1- 3 |  4- 6 |  7- 9 || total
---------------------------+-------+-------+-------++-------
  Melee: War axe           |    76 |    45 |    55 ||   176
         Hand axe          |     5 |    44 |       ||    49
Ability: Spit Poison       |    32 |    39 |    13 ||    84
    Use: Scroll            |     3 |     9 |     2 ||    14
         Potion            |       |       |     3 ||     3
 Armour: Scale mail        |    60 |    57 |    21 ||   138
  Dodge: Dodged            |    62 |    52 |    24 ||   138
  Block: Buckler           |    33 |    27 |    10 ||    70
